TOP OF THE 1ST |
Westwood Sixshooters batting - Pitching for Glendale Herons : RHP Jesús López
|
Pitching: RHP Jesús López
|
|
Batting: RHB Aurelio García
|
0-0: Called Strike 0-1: Foul Ball, location: 2F 0-2: Strikes out swinging
|
Batting: RHB David McJannett
|
0-0: Called Strike 0-1: SINGLE (Groundball, 4M)
|
Batting: LHB Davis Mills
|
0-0: Ball 1-0: Foul Ball, location: 2F 1-1: Ball 2-1: Ball 3-1: Foul Ball, location: 2F 3-2: Base on Balls David McJannett to second
|
Batting: RHB José Carlos Pérez
|
0-0: Called Strike 0-1: Ball 1-1: Called Strike 1-2: Strikes out looking
|
Batting: SHB Bob Rogers
|
0-0: Ball 1-0: Called Strike 1-1: Ball 2-1: Foul Ball, location: 2F 2-2: Fly out, F7 (Flyball, 78D)
|
Top of the 1st over - 0 run(s), 1 hit(s), 0 error(s), 2 left on base; Westwood 0 - Glendale 0 |
BOTTOM OF THE 1ST |
Glendale Herons batting - Pitching for Westwood Sixshooters : RHP Joe Dow
|
Pitching: RHP Joe Dow
|
|
Batting: RHB Cristián Lima
|
0-0: Ground out 2-3 (Groundball, 25)
|
Batting: RHB José Masaferro
|
0-0: Ball 1-0: Ball 2-0: Ball 3-0: Foul Ball, location: 2F 3-1: Base on Balls
|
Batting: RHB Logan Manning
|
0-0: Called Strike 0-1: Ball 1-1: Called Strike José Masaferro steals 2nd base 1-2: Ground out 4-3 (Groundball, 4M) José Masaferro to third
|
Batting: RHB Rubén Campos
|
0-0: Ball 1-0: Called Strike 1-1: Ball 2-1: Swinging Strike 2-2: Strikes out swinging
|
Bottom of the 1st over - 0 run(s), 0 hit(s), 0 error(s), 1 left on base; Westwood 0 - Glendale 0 |
TOP OF THE 2ND |
Westwood Sixshooters batting - Pitching for Glendale Herons : RHP Jesús López
|
Batting: RHB Jorge Morales
|
0-0: Ball 1-0: Ball 2-0: Swinging Strike 2-1: Fly out, F2 (Popup, 2LF)
|
Batting: LHB Luis Medina
|
0-0: Called Strike 0-1: Ball 1-1: Swinging Strike 1-2: Ball 2-2: Strikes out swinging
|
Batting: SHB Tim Moss
|
0-0: Ball 1-0: Ball 2-0: Ball 3-0: Called Strike 3-1: Base on Balls
|
Batting: RHB Winston Sparks
|
0-0: Ball 1-0: Called Strike 1-1: Ball 2-1: Foul Ball, location: 2F 2-2: Strikes out swinging
|
Top of the 2nd over - 0 run(s), 0 hit(s), 0 error(s), 1 left on base; Westwood 0 - Glendale 0 |
BOTTOM OF THE 2ND |
Glendale Herons batting - Pitching for Westwood Sixshooters : RHP Joe Dow
|
Batting: RHB Gilbert Graham
|
0-0: Foul Ball, location: 2F 0-1: Fly out, F6 (Popup, 56)
|
Batting: RHB Rob Thomason
|
0-0: SINGLE (Groundball, 6MD)
|
Batting: LHB Esteban Trujillo
|
0-0: Called Strike 0-1: Ball 1-1: Called Strike 1-2: Foul Ball, location: 2F 1-2: Strikes out swinging Rob Thomason steals 2nd base Batter strikes out.
|
Batting: SHB Wilbert Carter
|
0-0: Ground out 4-3 (Groundball, 13)
|
Bottom of the 2nd over - 0 run(s), 1 hit(s), 0 error(s), 1 left on base; Westwood 0 - Glendale 0 |
TOP OF THE 3RD |
Westwood Sixshooters batting - Pitching for Glendale Herons : RHP Jesús López
|
Batting: RHB Aurelio García
|
0-0: Foul Ball, location: 2F 0-1: Ball 1-1: SINGLE (Line Drive, 78S)
|
Batting: RHB David McJannett
|
0-0: Ball 1-0: SINGLE (Groundball, 34) (infield hit) Aurelio García to second
|
Batting: LHB Davis Mills
|
0-0: Ball 1-0: Fielders Choice at 2nd, 1-6 (Groundball, 13S) Aurelio García to third
|
Batting: RHB José Carlos Pérez
|
0-0: Foul Ball, location: 2F 0-1: Foul Ball, location: 2F 0-2: Ball 1-2: Strikes out swinging
|
Batting: SHB Bob Rogers
|
0-0: Called Strike 0-1: Foul Ball, location: 2F 0-2: Fly out, F6 (Popup, 56D)
|
Top of the 3rd over - 0 run(s), 2 hit(s), 0 error(s), 2 left on base; Westwood 0 - Glendale 0 |
BOTTOM OF THE 3RD |
Glendale Herons batting - Pitching for Westwood Sixshooters : RHP Joe Dow
|
Batting: LHB Akihito Nishiyama
|
0-0: Ball 1-0: Ground out 4-3 (Groundball, 4)
|
Batting: RHB Cristián Lima
|
0-0: Ball 1-0: Ball 2-0: Foul Ball, location: 2F 2-1: Hit by Pitch
|
Batting: RHB José Masaferro
|
0-0: Foul Ball, location: 2F 0-1: Ball 1-1: Ball 2-1: Foul Ball, location: 2F 2-2: Foul Ball, location: 2F 2-2: SINGLE (Groundball, 23) (infield hit) Cristián Lima to second
|
Batting: RHB Logan Manning
|
0-0: Called Strike 0-1: SINGLE (Groundball, 6MD) Cristián Lima to third José Masaferro to second
|
Batting: RHB Rubén Campos
|
0-0: Foul Ball, location: 2F 0-1: Fly out, F9 (Flyball, 9M) Runner from 3rd tags up, SCORES, no throw
|
Batting: RHB Gilbert Graham
|
0-0: Ball 1-0: Ball 2-0: Foul Ball, location: 2F 2-1: Swinging Strike 2-2: Foul Ball, location: 2F 2-2: Ball 3-2: 3-RUN HOME RUN (Flyball, 78XD), Distance : 391 ft
|
Batting: RHB Rob Thomason
|
0-0: SINGLE (Line Drive, 7S)
|
Batting: LHB Esteban Trujillo
|
0-0: Called Strike 0-1: Ball 1-1: Foul Ball, location: 2F 1-2: SINGLE (Line Drive, 7S) Rob Thomason to second
|
Batting: SHB Wilbert Carter
|
0-0: Ball 1-0: Fly out, F4 (Popup, 4S)
|
Bottom of the 3rd over - 4 run(s), 5 hit(s), 0 error(s), 2 left on base; Westwood 0 - Glendale 4 |
TOP OF THE 4TH |
Westwood Sixshooters batting - Pitching for Glendale Herons : RHP Jesús López
|
Batting: RHB Jorge Morales
|
0-0: Ball 1-0: Foul Ball, location: 2F 1-1: Swinging Strike 1-2: Foul Ball, location: 2F 1-2: Strikes out swinging
|
Batting: LHB Luis Medina
|
0-0: Called Strike 0-1: Ball 1-1: Ball 2-1: Ground out 4-3 (Groundball, 4)
|
Batting: SHB Tim Moss
|
0-0: Foul Ball, location: 2F 0-1: Ball 1-1: Fly out, F9 (Flyball, 89D)
|
Top of the 4th over - 0 run(s), 0 hit(s), 0 error(s), 0 left on base; Westwood 0 - Glendale 4 |
BOTTOM OF THE 4TH |
Glendale Herons batting - Pitching for Westwood Sixshooters : RHP Joe Dow
|
Batting: LHB Akihito Nishiyama
|
0-0: Ball 1-0: Ball 2-0: Ball 3-0: Base on Balls
|
Batting: RHB Cristián Lima
|
0-0: Ball 1-0: SINGLE (Groundball, 56D) Akihito Nishiyama to second
|
Batting: RHB José Masaferro
|
0-0: Foul Ball, location: 2F 0-1: Fielders Choice at 2nd, 4-6 (Groundball, 4) Akihito Nishiyama to third
|
Batting: RHB Logan Manning
|
0-0: Ball 1-0: Called Strike 1-1: Foul Ball, location: 2F 1-2: Foul Ball, location: 2F 1-2: SINGLE (Groundball, 3D) Akihito Nishiyama scores José Masaferro to second Runner from 2nd tries for 3rd, SAFE, throw made to third
|
Batting: RHB Rubén Campos
|
0-0: Ball 1-0: Ball 2-0: SINGLE (Groundball, 56D) José Masaferro scores Logan Manning to second
|
Pitching: RHP Bruno Gould
|
|
Batting: RHB Gilbert Graham
|
0-0: Foul Ball, location: 2F 0-1: Grounds into double play, 5-4-3 (Groundball, 56)
|
Bottom of the 4th over - 2 run(s), 3 hit(s), 0 error(s), 1 left on base; Westwood 0 - Glendale 6 |
TOP OF THE 5TH |
Westwood Sixshooters batting - Pitching for Glendale Herons : RHP Jesús López
|
Batting: RHB Winston Sparks
|
0-0: Ground out 6-3 (Groundball, 6)
|
Batting: RHB Aurelio García
|
0-0: Called Strike 0-1: Ball 1-1: Called Strike 1-2: Hit by Pitch
|
Batting: RHB David McJannett
|
0-0: Foul Ball, location: 2F 0-1: Fly out, F8 (Line Drive, 8RM)
|
Batting: LHB Davis Mills
|
0-0: Ball 1-0: Called Strike 1-1: Ball 2-1: Ball 3-1: Fly out, F4 (Popup, 3DF)
|
Top of the 5th over - 0 run(s), 0 hit(s), 0 error(s), 1 left on base; Westwood 0 - Glendale 6 |
BOTTOM OF THE 5TH |
Glendale Herons batting - Pitching for Westwood Sixshooters : RHP Bruno Gould
|
Batting: RHB Rob Thomason
|
0-0: Ball 1-0: Ball 2-0: DOUBLE (Flyball, 78XD)
|
Batting: LHB Esteban Trujillo
|
0-0: Ball 1-0: Ball 2-0: Ball 3-0: Called Strike 3-1: SINGLE (Flyball, 8RS) Rob Thomason to third Runner from 3rd tries for Home, SAFE, no throw or cutoff
|
Batting: SHB Wilbert Carter
|
0-0: Bunted foul 0-1: Sac Bunt - play at second, runner OUT! 1-6
|
Batting: LHB Akihito Nishiyama
|
0-0: Called Strike 0-1: Ball 1-1: Ball 2-1: Called Strike 2-2: Grounds into double play, 3-6-1 (Groundball, 3)
|
Bottom of the 5th over - 1 run(s), 2 hit(s), 0 error(s), 0 left on base; Westwood 0 - Glendale 7 |
TOP OF THE 6TH |
Westwood Sixshooters batting - Pitching for Glendale Herons : RHP Jesús López
|
Batting: RHB José Carlos Pérez
|
0-0: Ground out 6-3 (Groundball, 6)
|
Batting: SHB Bob Rogers
|
0-0: Ball 1-0: Ball 2-0: SINGLE (Flyball, 8LS)
|
Batting: RHB Jorge Morales
|
0-0: Ball 1-0: Swinging Strike 1-1: Called Strike 1-2: Strikes out looking
|
Batting: LHB Luis Medina
|
0-0: Called Strike 0-1: Ball 1-1: Ball 2-1: Fielders Choice at 2nd, U6 (Groundball, 6M)
|
Top of the 6th over - 0 run(s), 1 hit(s), 0 error(s), 1 left on base; Westwood 0 - Glendale 7 |
BOTTOM OF THE 6TH |
Glendale Herons batting - Pitching for Westwood Sixshooters : RHP Bruno Gould
|
Batting: RHB Cristián Lima
|
0-0: Ball 1-0: Foul Ball, location: 2F 1-1: Swinging Strike 1-2: Foul Ball, location: 2F 1-2: Fly out, F3 (Popup, 13S)
|
Batting: RHB José Masaferro
|
0-0: SINGLE (Line Drive, 4MD)
|
Batting: RHB Logan Manning
|
0-0: Ball 1-0: Ball 2-0: Ball 3-0: Base on Balls José Masaferro to second
|
Batting: RHB Rubén Campos
|
0-0: Ball 1-0: Called Strike 1-1: Foul Ball, location: 2F 1-2: Foul Ball, location: 2F 1-2: Ball 2-2: Foul Ball, location: 2F 2-2: Ball 3-2: Foul Ball, location: 2F 3-2: Foul Ball, location: 2F 3-2: SINGLE (Groundball, 56) José Masaferro to third Logan Manning to second Runner from 3rd tries for Home, SAFE, no throw or cutoff
|
Batting: RHB Gilbert Graham
|
0-0: Called Strike 0-1: Ball 1-1: SINGLE (Flyball, 8LS) Logan Manning to third Rubén Campos to second Runner from 3rd tries for Home, SAFE, throw made home Rubén Campos to third Gilbert Graham to second
|
Pitching: LHP Jeremy Vance
|
|
Batting: RHB Rob Thomason
|
0-0: Ball 1-0: Ball 2-0: SINGLE (Groundball, 4MD) Rubén Campos scores Gilbert Graham to third Runner from 3rd tries for Home, SAFE, no throw or cutoff
|
Batting: LHB Esteban Trujillo
|
0-0: Fly out, F8 (Flyball, 8LS)
|
Batting: SHB Wilbert Carter
|
0-0: Called Strike Rob Thomason steals 2nd base 0-1: Foul Ball, location: 2F 0-2: Ball 1-2: Ball 2-2: Strikes out looking
|
Bottom of the 6th over - 4 run(s), 4 hit(s), 0 error(s), 1 left on base; Westwood 0 - Glendale 11 |
TOP OF THE 7TH |
Westwood Sixshooters batting - Pitching for Glendale Herons : RHP Jesús López
|
Batting: SHB Tim Moss
|
0-0: Called Strike 0-1: Foul Ball, location: 2F 0-2: Ball 1-2: DOUBLE (Line Drive, 5D)
|
Batting: RHB Winston Sparks
|
0-0: SINGLE (Groundball, 56D) Tim Moss to third
|
Batting: RHB Aurelio García
|
0-0: Ball 1-0: Called Strike 1-1: Ball Reached via error on a dropped throw, E4 Tim Moss scores Winston Sparks to second
|
Batting: RHB David McJannett
|
0-0: Ball 1-0: Swinging Strike 1-1: SINGLE (Flyball, 89S) Winston Sparks to third Aurelio García to second
|
Batting: LHB Davis Mills
|
0-0: Swinging Strike 0-1: Foul Ball, location: 2F 0-2: Ball 1-2: Foul Ball, location: 2F 1-2: Foul Ball, location: 2F 1-2: Strikes out swinging
|
Batting: RHB José Carlos Pérez
|
0-0: Ball 1-0: Foul Ball, location: 2F 1-1: DOUBLE (Line Drive, 78D) Winston Sparks scores Aurelio García scores David McJannett to third Runner from 3rd tries for Home, SAFE, no throw or cutoff
|
Pitching: RHP Allen Carlson
|
|
Batting: SHB Bob Rogers
|
0-0: Ball 1-0: Ground out 4-3 (Groundball, 34) José Carlos Pérez to third
|
Batting: RHB Jorge Morales
|
0-0: Ball 1-0: Ball 2-0: Ball 3-0: Base on Balls
|
Batting: LHB Luis Medina
|
0-0: Fly out, F5 (Line Drive, 5)
|
Top of the 7th over - 4 run(s), 4 hit(s), 1 error(s), 2 left on base; Westwood 4 - Glendale 11 |
BOTTOM OF THE 7TH |
Glendale Herons batting - Pitching for Westwood Sixshooters : LHP Jeremy Vance
|
Batting: LHB Akihito Nishiyama
|
0-0: Ball 1-0: SINGLE (Groundball, 2R) (infield hit)
|
Batting: RHB Cristián Lima
|
0-0: Sac Bunt - play at first, batter OUT! 5-3 Akihito Nishiyama to second
|
Batting: RHB José Masaferro
|
0-0: Foul Ball, location: 2F 0-1: Fly out, F4 (Popup, 3DF)
|
Batting: RHB Logan Manning
|
0-0: Ball 1-0: Ball 2-0: Ball 3-0: Base on Balls
|
Batting: RHB Rubén Campos
|
0-0: Ball 1-0: Foul Ball, location: 2F 1-1: Fly out, F8 (Flyball, 8RXD)
|
Bottom of the 7th over - 0 run(s), 1 hit(s), 0 error(s), 2 left on base; Westwood 4 - Glendale 11 |
TOP OF THE 8TH |
Westwood Sixshooters batting - Pitching for Glendale Herons : RHP Allen Carlson
|
Now at C: Héctor Moreno
|
|
Now at 3B: Everette Jeffers
|
|
Batting: SHB Tim Moss
|
0-0: Ball 1-0: Called Strike 1-1: Called Strike 1-2: Fly out, F7 (Flyball, 78S)
|
Batting: RHB Winston Sparks
|
0-0: Fly out, F8 (Line Drive, 8LS)
|
Pinch Hitting: RHB Richard Hicks
|
0-0: Foul Ball, location: 2F 0-1: SINGLE (Line Drive, 8RS)
|
Batting: RHB David McJannett
|
0-0: Swinging Strike 0-1: Ball 1-1: Ball 2-1: Ball 3-1: Base on Balls Richard Hicks to second
|
Batting: LHB Davis Mills
|
0-0: Called Strike 0-1: Ball 1-1: Foul Ball, location: 2F 1-2: SINGLE (Groundball, 34D) Richard Hicks to third David McJannett to second Runner from 3rd tries for Home, SAFE, throw made home
|
Batting: RHB José Carlos Pérez
|
0-0: Fly out, F8 (Flyball, 8RM)
|
Top of the 8th over - 1 run(s), 2 hit(s), 0 error(s), 2 left on base; Westwood 5 - Glendale 11 |
BOTTOM OF THE 8TH |
Glendale Herons batting - Pitching for Westwood Sixshooters : LHP Jeremy Vance
|
Now in RF: Bert Motevassel
|
|
Batting: RHB Gilbert Graham
|
0-0: Ball 1-0: Ball 2-0: Called Strike 2-1: Swinging Strike 2-2: Strikes out swinging
|
Batting: RHB Rob Thomason
|
0-0: Swinging Strike 0-1: Ball 1-1: Called Strike 1-2: Fly out, F9 (Flyball, 9M)
|
Batting: LHB Esteban Trujillo
|
0-0: Called Strike 0-1: Ball 1-1: Foul Ball, location: 2F 1-2: Strikes out swinging
|
Bottom of the 8th over - 0 run(s), 0 hit(s), 0 error(s), 0 left on base; Westwood 5 - Glendale 11 |
TOP OF THE 9TH |
Westwood Sixshooters batting - Pitching for Glendale Herons : RHP Allen Carlson
|
Now at 2B: Tim Wilson
|
|
Batting: SHB Bob Rogers
|
0-0: Called Strike 0-1: Ground out 3-1 (Groundball, 34)
|
Batting: RHB Jorge Morales
|
0-0: Ball 1-0: Ball 2-0: Swinging Strike 2-1: SINGLE (Groundball, 6D)
|
Batting: LHB Luis Medina
|
0-0: SINGLE (Flyball, 7S) Jorge Morales to second Jorge Morales to third
|
Batting: SHB Tim Moss
|
0-0: Ball 1-0: Foul Ball, location: 2F 1-1: Ball 2-1: Ball 3-1: Base on Balls Luis Medina to second
|
Batting: RHB Winston Sparks
|
0-0: Foul Ball, location: 2F 0-1: Swinging Strike 0-2: Fly out, F2 (Popup, 2LF)
|
Batting: RHB Bert Motevassel
|
0-0: Ball 1-0: Swinging Strike 1-1: Fly out, F8 (Line Drive, 8LM)
|
Top of the 9th over - 0 run(s), 2 hit(s), 0 error(s), 3 left on base; Westwood 5 - Glendale 11 |
|